Description

The build order is a colossus drop into all-in.

VOD

https://youtu.be/gQGwBTEZLPI

Replay - Ballsofsteel v IIIIIIIIIIII - Oxide LE

Build Order

Get SALT Encoding   

  12  0:01  Probe  
  13  0:13  Probe (Chrono Boost)  
  14  0:17  Pylon  
  14  0:25  Probe (Chrono Boost)  
  15  0:34  Probe (Chrono Boost)  
  16  0:36  Gateway  
  16  0:43  Probe  
  16  0:46  Assimilator  
  17  0:55  Probe  
  18  1:07  Probe  
  19  1:20  Probe  
  19  1:24  Cybernetics Core  
  20  1:32  Probe  
  21  1:43  Nexus  
  21  1:55  Probe  
  21  1:57  Assimilator  
  22  2:07  Pylon  
  22  2:09  Shield Battery  
  23  2:24  Adept  
  23  2:26  Robotics Facility  
  26  2:34  Warp Gate  
  28  2:54  Adept  
  34  3:16  Robotics Bay  
  34  3:19  Assimilator  
  36  3:25  Observer (Chrono Boost)  
  37  3:30  Pylon  
  39  3:39  Warp Prism (Chrono Boost)  
  43  3:54  Gateway x2  
  43  4:04  Colossus (Chrono Boost)  
  49  4:10  Gravitic Drive  
  51  4:23  Pylon  
  53  4:32  Pylon  
  53  4:41  Colossus (Chrono Boost)  
  61  5:03  Twilight Council  
  61  5:15  Extended Thermal Lance  
  61  5:23  Nexus  
  62  5:42  Colossus (Chrono Boost)  
  64  5:43  Charge (Chrono Boost)  
  70  5:56  Assimilator  
  72  5:58  Zealot  
  76  6:05  Gateway  
  76  6:07  Sentry  
  76  6:09  Zealot  
  80  6:18  Gateway x2  
  81  6:23  Zealot  
  83  6:29  Zealot x2  
  87  6:36  Immortal (Chrono Boost)  
  91  6:48  Zealot x3  
  99  6:59  Gateway  
  99  7:06  Zealot x2  
  117  8:01  Forge x2  
Spawning Tool Build Advisor. Get it on Overwolf

Go to:

Details

  • Created by: zuka      
  • Published on: Jul 26, 2021
  • Patch: 4.11.0
  • Difficulty: Easy
Show
View Real Time Build Order
Export as new Build Order

Comments (0)

There are no comments. Be the first!

Create an account to comment!